Map: Washout LE

Players

Geralt (Gerald)

  • Race: Protoss Protoss
  • League: Grandmaster
  • Spawn Location: 7:00

Harstem - Winner!

  • Race: Protoss Protoss
  • League: Grandmaster
  • Spawn Location: 1:00

Event: HomeStory Cup XXIX

VOD

Have the link to the VOD?

Description

Time

  • Played on: July 4, 2026, 7:22 a.m.
  • Length: 14:08

All games in this series

Show
View Real Time Build Order
Export as new Build Order

Geralt Protoss 

Build Orders:  

Get SALT Encoding   

  8  0:00  Probe  
  9  0:12  Probe  
  10  0:24  Probe  
  10  0:27  Pylon  
  11  0:36  Probe (Chrono Boost)  
  12  0:48  Probe (Chrono Boost)  
  13  0:53  Probe (Chrono Boost)  
  14  0:57  Gateway  
  14  1:03  Probe (Chrono Boost)  
  15  1:07  Assimilator  
  15  1:14  Probe (Chrono Boost)  
  16  1:18  Probe (Chrono Boost)  
  17  1:26  Gateway  
  17  1:29  Probe  
  18  1:41  Probe  
  18  1:44  Cybernetics Core  
  19  1:48  Assimilator  
  19  1:53  Probe  
  20  2:00  Pylon  
  20  2:05  Probe  
  21  2:18  Probe  
  21  2:20  Stalker  
  21  2:22  Stalker  
  26  2:30  Probe  
  26  2:33  Warp Gate  
  27  2:39  Pylon  
  27  2:42  Probe  
  28  2:57  Stalker x2  
  32  3:00  Probe  
  33  3:12  Probe  
  34  3:17  Pylon  
  34  3:23  Robotics Facility  
  33  3:28  Probe  
  33  3:29  Stalker  
  36  3:43  Probe  
  36  3:45  Pylon  
  37  3:52  Stalker  
  37  4:07  Immortal (Chrono Boost)  
  39  4:15  Sentry  
  42  4:25  Probe  
  42  4:36  Immortal (Chrono Boost)  
  42  4:37  Probe  
  42  4:39  Zealot  
  44  5:02  Pylon  
  44  5:10  Warp Prism (Chrono Boost)  
  45  5:20  Probe  
  45  5:21  Sentry  
  48  5:27  Nexus  
  48  5:35  Probe  
  49  5:37  Pylon  
  48  5:44  Observer  
  48  5:47  Shield Battery, Probe  
  50  6:01  Twilight Council  
  50  6:04  Probe  
  51  6:09  Zealot  
  53  6:16  Probe  
  54  6:26  Pylon  
  54  6:31  Shield Battery  
  54  6:32  Probe  
  53  6:45  Adept x2  
  57  6:50  Shield Battery  
  57  6:51  Pylon  
  51  7:11  Immortal (Chrono Boost)  
  51  7:20  Stalker x2  
  50  7:34  Shield Battery  
  50  7:41  Warp Prism (Chrono Boost)  
  50  7:43  Sentry x2  
  56  7:50  Pylon  
  54  8:09  Gateway  
  54  8:12  Zealot x2  
  56  8:17  Immortal (Chrono Boost)  
  55  8:48  Pylon  
  55  8:52  Stalker  
  57  8:56  Observer  
  58  9:15  Gateway  
  58  9:23  Immortal (Chrono Boost)  
  58  9:28  Observer  
  62  9:32  Robotics Bay  
  62  9:34  Blink  
  62  9:37  Stalker x2  
  66  9:42  Observer  
  66  9:47  Observer  
  66  10:15  Observer  
  66  10:16  Disruptor (Chrono Boost)  
  70  10:23  Pylon  
  70  10:37  Stalker x3  
  70  10:41  Pylon  
  76  10:42  Observer  
  76  10:55  Observer  
  76  11:12  Observer  
  76  11:19  Disruptor (Chrono Boost), Nexus  
  76  11:20  Pylon  
  80  11:42  Shield Battery  
  80  11:48  Probe  
  80  11:51  Disruptor (Chrono Boost)  
  85  12:05  Probe  
  86  12:11  Observer  
  86  12:16  Stalker x2  
  86  12:22  Disruptor  
  90  12:25  Observer  
  94  12:30  Stalker  
  96  12:56  Probe  
  96  12:58  Disruptor  
  101  13:09  Stalker x2  
  105  13:26  Probe  
  106  13:34  Stalker x3  
  59  13:58  Zealot x3  
Show
View Real Time Build Order
Export as new Build Order

Harstem Protoss - Winner!

Build Orders:  

Get SALT Encoding   

  8  0:00  Probe (Chrono Boost)  
  9  0:12  Probe (Chrono Boost)  
  10  0:18  Probe (Chrono Boost)  
  11  0:26  Probe  
  12  0:33  Pylon  
  12  0:38  Probe  
  13  0:51  Probe  
  13  0:55  Gateway  
  14  1:03  Probe (Chrono Boost)  
  15  1:05  Assimilator  
  15  1:12  Probe (Chrono Boost)  
  15  1:13  Assimilator  
  15  1:17  Probe (Chrono Boost)  
  17  1:29  Probe  
  17  1:30  Gateway  
  18  1:41  Probe  
  18  1:44  Cybernetics Core  
  19  1:53  Probe  
  20  1:55  Pylon  
  20  2:05  Probe  
  21  2:18  Probe  
  21  2:20  Stalker, Warp Gate  
  24  2:24  Stalker  
  26  2:30  Probe  
  26  2:34  Pylon  
  28  2:48  Stalker  
  29  2:52  Stalker  
  31  3:04  Robotics Facility  
  31  3:15  Stalker  
  33  3:23  Gateway  
  33  3:27  Stalker  
  35  3:37  Pylon  
  35  3:52  Immortal (Chrono Boost)  
  37  3:56  Probe  
  37  3:58  Pylon  
  37  4:13  Sentry  
  39  4:27  Immortal (Chrono Boost)  
  43  4:37  Probe  
  42  4:38  Zealot  
  42  4:49  Probe  
  43  4:54  Pylon  
  43  5:02  Warp Prism (Chrono Boost)  
  43  5:04  Phoenix  
  45  5:11  Pylon  
  45  5:12  Probe  
  46  5:15  Sentry  
  46  5:16  Sentry  
  46  5:20  Pylon  
  50  5:32  Immortal  
  54  5:36  Probe  
  56  5:56  Pylon  
  55  6:02  Stalker x2  
  59  6:08  Stalker  
  62  6:26  Pylon  
  62  6:29  Adept x2  
  65  6:36  Stalker  
  65  6:38  Probe  
  68  6:51  Observer  
  62  6:59  Adept x3  
  58  7:13  Probe  
  53  7:28  Probe  
  55  7:48  Probe  
  55  7:51  Nexus  
  55  8:07  Stalker x2  
  59  8:19  Observer  
  59  8:28  Adept  
  59  8:29  Adept x2  
  65  8:39  Immortal  
  69  8:55  Stargate  
  69  9:03  Probe  
  69  9:04  Probe  
  69  9:15  Probe  
  69  9:16  Phoenix, Probe  
  71  9:18  Adept  
  71  9:19  Stalker  
  71  9:20  Shield Battery  
  75  9:27  Probe  
  75  9:28  Immortal (Chrono Boost)  
  75  9:29  Probe  
  81  9:34  Pylon  
  81  9:35  Sentry  
  83  9:39  Probe  
  83  9:43  Probe  
  85  9:48  Shield Battery  
  85  9:52  Stargate  
  85  9:56  Adept  
  87  10:00  Probe  
  87  10:03  Probe  
  87  10:05  Adept  
  91  10:08  Stalker  
  91  10:12  Probe  
  94  10:16  Probe  
  95  10:22  Assimilator  
  95  10:23  Stalker  
  95  10:24  Probe  
  98  10:32  Immortal (Chrono Boost)  
  102  10:42  Phoenix (Chrono Boost)  
  102  10:45  Zealot  
  102  10:49  Assimilator  
  106  10:50  Observer  
  106  10:52  Pylon  
  106  11:06  Phoenix  
  106  11:07  Phoenix  
  106  11:11  Zealot x3  
  113  11:18  Shield Battery  
  113  11:20  Pylon  
  113  11:28  Pylon  
  113  11:31  Phoenix  
  114  11:36  Immortal (Chrono Boost)  
  118  11:40  Pylon  
  118  11:43  Sentry  
  118  11:46  Phoenix  
  120  11:47  Pylon  
  120  11:55  Probe  
  120  11:58  Phoenix (Chrono Boost)  
  122  12:05  Stalker  
  122  12:06  Stalker  
  126  12:18  Zealot  
  126  12:20  Phoenix (Chrono Boost)  
  126  12:21  Pylon  
  130  12:29  Zealot x2  
  134  12:37  Probe, Immortal (Chrono Boost)  
  139  12:48  Probe  
  139  12:49  Phoenix  
  142  12:51  Zealot  
  142  12:56  Pylon  
  144  13:00  Probe  
  145  13:14  Phoenix  
  145  13:16  Zealot x3  
  151  13:30  Twilight Council  
  151  13:39  Phoenix  
  141  13:51  Zealot x3  
Tags
 
Add a new tag
Caveats
  • Supply blocks, unpowered buildings, or Contaminate may cause inaccurate times.
  • Supply counts are checked every 10 seconds.